 Dungeon Crawl Stone Soup version 0.31-a0-435-g2c6fae2916 (webtiles) character file.

Game seed: 13005665210258407381

52 floatRand the Trooper (level 3, -3/39 HPs)
             Began as an Ogre Cinder Acolyte on Aug 1, 2023.
             Was a High Priest of Ignis.
             Slain by a black bear (5 damage)
             ... on level 2 of the Dungeon.
             The game lasted 00:01:30 (1912 turns).

floatRand the Trooper (Ogre Cinder Acolyte)         Turns: 1912, Time: 00:01:30

Health: -3/39      AC:  3    Str: 18    XL:     3   Next: 85%
Magic:  1/4        EV: 14    Int: 17    God:    Ignis [*****.]
Gold:   100        SH:  0    Dex:  4    Spells: 2/4 levels left

rFire   + . .        a - -1 mace (flame)
rCold   . . .        (no shield)
rNeg    . . .        b - +0 robe
rPois   .            (helmet restricted)
rElec   .            (no cloak)
rCorr   +            (gloves unavailable)
SInv    .            (boots unavailable)
Will    .....        (no amulet)
Stlth   +            j - +5 ring of evasion
HPRegen 0.26/turn    r - ring of resist corrosion
MPRegen 0.09/turn

%: no passive effects
@: no status effects
A: large, unfitting armour, tough skin 1
a: Renounce Religion, Fiery Armour, Foxfire Swarm, Rising Flame


You were on level 2 of the Dungeon.
You worshipped Ignis.
Ignis was extremely pleased with you.
You visited 1 branch of the dungeon, and saw 3 of its levels.

You collected 100 gold pieces.

Inventory:

Hand Weapons
 a - a -1 mace of flaming (weapon)
Armour
 b - a +0 robe (worn)
Jewellery
 j - a +5 ring of evasion (left hand)
 r - a ring of resist corrosion (right hand)
Scrolls
 d - a scroll of butterflies {unknown}
 e - a scroll of enchant weapon {unknown}
 f - a scroll of immolation {unknown}
 g - a scroll of amnesia {unknown}
 h - a scroll of revelation {unknown}
 i - a scroll of fog {unknown}
 m - a scroll of poison {unknown}
 p - 2 scrolls of teleportation {unknown}
 q - a scroll of enchant armour {unknown}
 s - a scroll of identify {unknown}
Potions
 c - 3 potions of curing {unknown}
 k - a potion of lignification {unknown}
 l - a potion of haste {unknown}
 n - 2 potions of heal wounds {unknown}
 o - a potion of cancellation {unknown}


   Skills:
 - Level 4.0 Fighting
 * Level 3.7 Maces & Flails
 - Level 1.2 Spellcasting
 + Level 3.3 Fire Magic


You had 2 spell levels left.
You knew the following spells:

 Your Spells              Type           Power      Damage    Failure   Level
a - Scorch                Fire           24%        2d6       9%          2

Your spell library contained the following spells:

 Spells                   Type           Power      Damage    Failure   Level


Dungeon Overview and Level Annotations

Branches:
Dungeon (3/15)

Altars:

Shops:
D:1 *


Innate Abilities, Weirdness & Mutations

You are too large for most types of armour.
You have tough skin. (AC +1)


Message History

You hit the black bear but do no damage.
The black bear is moderately wounded.
The black bear bites you. The black bear closely misses you. x2
Unknown command.
You hit the black bear. You burn the black bear.
The black bear is heavily wounded.
The black bear misses you. The black bear barely misses you.
The black bear claws you but does no damage.
Unknown command.
You hit the black bear. You burn the black bear.
The black bear is heavily wounded.
The black bear closely misses you. x2
The black bear claws you but does no damage.
Unknown command.
You barely miss the black bear.
The black bear is heavily wounded.
The black bear bites you but does no damage.
The black bear claws you. x2
Unknown command.
Unknown command.
You hit the black bear. You burn the black bear.
The black bear is severely wounded.
The black bear is no longer more vulnerable to fire.
The black bear barely misses you.
The black bear claws you but does no damage.
The black bear closely misses you.
The black bear goes berserk!
Unknown command.
Okay, then.
You completely miss the black bear.
The black bear is severely wounded.
The black bear bites you! The black bear closely misses you. x2
Unknown command.
You hit the black bear. You burn the black bear.
The black bear is severely wounded.
The black bear bites you.
The black bear claws you but does no damage.
The black bear barely misses you. The black bear bites you!
* * * LOW HITPOINT WARNING * * *
The black bear claws you.
You die...

##.######.#.# #.# #.#.#
###'## #)#.# #....# #.#.#
#....#####.#.#####
#....'...........#
#....#......####.#
######....#h........#.#
#....'....'.@)........#
#.####....###+#....<#.# #.#
###### #.#..#..#.# ##### #.#
#.#.....#.# #.... #.#
#.#.#####.###.###
#.###########...........#.###
#.....................#......
################.######.#.##.
#..# #.#.##.


You could see a black bear (berserk).

Vanquished Creatures
  4 worms (D:2)
  2 dart slugs
  5 bats
  4 endoplasms
  2 giant cockroaches (D:1)
  5 goblins
  A hobgoblin (D:1)
  2 quokkas (D:2)
  5 ball pythons
  2 frilled lizards (D:2)
  3 kobolds
  2 rats (D:1)
37 creatures vanquished.

Notes
Turn   | Place    | Note
-------+----------+-------------------------------------------
     0 | D:1      | floatRand the Ogre Cinder Acolyte began the quest for the
                  | Orb.
     0 | D:1      | Reached XP level 1. HP: 24/24 MP: 2/2
   124 | D:1      | Found Askouxo's Assorted Antiques.
   131 | D:1      | Reached XP level 2. HP: 32/32 MP: 3/3
   136 | D:1      | Learned a level 2 spell: Scorch
   747 | D:1      | Reached XP level 3. HP: 39/39 MP: 4/4
  1145 | D:2      | Identified the +2 buckler of Pathos {rF+ Regen+}
  1899 | D:3      | Noticed a black bear
  1912 | D:2      | Slain by a black bear

Illustrated notes

Levels and vault maps discovered:
D:1:      dpeg_arrival_tiny_h, layout_basic, serial_shops, shop
D:2:      layout_basic
D:3:      layout_basic, serial_shops, nicolae_shop_tiny_glass, uniq_grinder

Skill      XL: |  1  2 |
---------------+-------+-----
Maces & Flails | 3 |  3.7
Fire Magic     | 3 |  3.3
Fighting       | |  4.0
Spellcasting   | |  1.2

Action                     || total
---------------------------++-------
  Melee: Mace              ||    74
   Cast: Scorch            ||    20
 Armour: Robe              ||    30
  Dodge: Dodged            ||    62

Table legend: (Time is in decaauts)
 A = Elapsed time spent in this place.
 B = Non-inter-level travel time spent in this place.
 C = Inter-level travel time spent in this place.
 D = Time resting spent in this place.
 E = Time spent auto-exploring this place.
 F = Levels seen in this place.
 G = Mean time per level.
                   A        B        C        D        E       F      G
               +--------+--------+--------+--------+--------+-----+--------+
         Total |   1928 |   1858 |     70 |     14 |   1557 |   3 |  642.7 |
       Dungeon |   1928 |   1858 |     70 |     14 |   1557 |   3 |  642.7 |
               +--------+--------+--------+--------+--------+-----+--------+

Top non-repeatable levels by time:
     D:1: 1034 daAuts
     D:2: 886 daAuts
     D:3: 7 daAuts
